 Dungeon Crawl Stone Soup version 0.20.0-15-g7f486f2 (webtiles) character file.

129 systemy the Chopper (level 4, -3/41 HPs)
             Began as a Minotaur Berserker on June 25, 2017.
             Was a Believer of Trog.
             Killed by nerve-wracking pain
             ... invoked by Grinder
              (9 damage)
             ... on level 3 of the Dungeon.
             The game lasted 00:03:50 (2071 turns).

systemy the Chopper (Minotaur Berserker)            Turns: 2071, Time: 00:03:50

Health: -3/41      AC:  3    Str: 22    XL:     4   Next: 88%
Magic:  3/3        EV: 11    Int:  4    God:    Trog [**....]
Gold:   157        SH:  3    Dex: 10    Spells: 3/3 levels left

rFire    . . .     SeeInvis .   a - +0 hand axe
rCold    . . .     Gourm    .   e - +0 buckler
rNeg     . . .     Faith    .   h - -2 ring mail (curse)
rPois    .         Spirit   .   (helmet restricted)
rElec    .         Reflect  .   (no cloak)
rCorr    .         Harm     .   (no gloves)
MR       .....                  (no boots)
Stlth    +.........             (no amulet)
Regen    0.2/turn               (no ring)
MPRegen  0.1/turn               (no ring)

@: no status effects
A: retaliatory headbutt, horns 2
a: Berserk, Trog's Hand, Burn Spellbooks, Renounce Religion


You were on level 3 of the Dungeon.
You worshipped Trog.
Trog was pleased with you.
You were not hungry.

You visited 1 branch of the dungeon, and saw 3 of its levels.

You collected 157 gold pieces.

Inventory:

Hand Weapons
 a - a +0 hand axe (weapon)
Armour
 b - a +0 animal skin
 e - a +0 buckler (worn)
 h - a cursed -2 ring mail (worn)
 i - a +0 cloak
 o - a +0 pair of gloves
Scrolls
 k - a scroll of remove curse {unknown}
 l - a scroll of enchant weapon {unknown}
 n - a scroll of amnesia {unknown}
 p - a scroll of recharging {unknown}
 s - a scroll of enchant armour {unknown}
 t - a scroll of teleportation {unknown}
Potions
 d - 2 potions of curing {unknown}
 g - a potion of ambrosia {unknown}
 j - a potion of lignification {unknown}
 r - a potion of cancellation {unknown}
Comestibles
 c - 2 bread rations
 f - 2 meat rations
 m - 2 fruits
 q - a royal jelly


   Skills:
 + Level 4.8 Fighting
 + Level 5.1 Axes
 + Level 3.3 Armour
 - Level 2.1 Dodging
 + Level 0.3 Stealth
 + Level 1.0 Shields


You had 3 spell levels left.
You didn't know any spells.

Dungeon Overview and Level Annotations

Branches:
Dungeon (3/15)

Altars:
Qazlal

Annotations:
D:3 Grinder


Innate Abilities, Weirdness & Mutations

You reflexively headbutt those who attack you in melee.
You have a pair of horns on your head.


Message History

Grinder hits you!
You writhe in agony.
You hit Grinder.
Grinder is heavily wounded.
Grinder blinks!
Grinder gestures at you. Pain shoots through your body!
* * * LOW HITPOINT WARNING * * *
You closely miss Grinder.
Grinder is heavily wounded.
Grinder barely misses you.
You hit Grinder but do no damage. Your headbutt misses Grinder.
Grinder is heavily wounded.
Grinder gestures at you. Pain shoots through your body!
* * * LOW HITPOINT WARNING * * *
You closely miss Grinder.
Grinder is heavily wounded.
Grinder gestures at you. Pain shoots through your body!
You die...

#####..# #.# #..#
#.# #..###.#
#......#
#...##.#####
#...##.....#
#...######.#
#...######.########.
#...<.......@5......
#.#.######.#######..
#.#.# #.#######.
#....!....
#########.


You could see Grinder.

Vanquished Creatures
  An orc priest (D:2)
  An orc wizard (D:2)
  2 adders (D:2)
  2 dart slugs
  2 leopard geckos
  3 orcs (D:2)
  2 giant cockroaches
  6 goblins
  5 hobgoblins
  2 jackals (D:1)
  A ball python (D:1)
  10 bats
  3 frilled lizards (D:1)
  6 kobolds
  2 rats
48 creatures vanquished.

Notes
Turn   | Place    | Note
-------+----------+-------------------------------------------
     0 | D:1      | systemy the Minotaur Berserker began the quest for the Orb.
     0 | D:1      | Reached XP level 1. HP: 19/19 MP: 0/0
   148 | D:1      | Reached skill level 4 in Axes
   455 | D:1      | Reached XP level 2. HP: 14/27 MP: 1/1
  1031 | D:1      | Reached XP level 3. HP: 26/33 MP: 2/2
  1124 | D:1      | Reached ** piety under Trog
  1276 | D:2      | Noticed a fire elemental
  1280 | D:2      | Found a stormy altar of Qazlal.
  1281 | D:2      | Noticed an earth elemental
  1446 | D:2      | Reached XP level 4. HP: 18/41 MP: 3/3
  1807 | D:2      | Noticed an air elemental
  1807 | D:2      | Noticed a water elemental
  1915 | D:2      | Reached skill level 5 in Axes
  1990 | D:2      | Reached skill level 1 in Shields
  2019 | D:3      | Found a faded altar of an unknown god.
  2055 | D:3      | Noticed Grinder
  2071 | D:3      | Killed from afar by Grinder

Skill      XL: |  1  2  3  4 |
---------------+-------------+-----
Axes           | 4 5 |  5.1
Fighting       | 4 |  4.8
Armour         | 3 |  3.3
Shields        | 1 |  1.0
Dodging        | |  2.1
Stealth        | |  0.3

Action                   |  1- 3 |  4- 6 || total
-------------------------+-------+-------++-------
Melee: Hand axe          |    75 |    30 ||   105
       Headbutt          |     8 |     4 ||    12
Invok: Berserk           |     1 |       ||     1
       Burn Spellbooks   |       |     1 ||     1
       Trog's Hand       |       |     1 ||     1
  Eat: Chunk             |     2 |     3 ||     5
Armor: Animal skin       |     3 |       ||     3
       Ring mail         |    33 |     8 ||    41
Dodge: Dodged            |    59 |    17 ||    76
Block: Buckler           |     9 |     1 ||    10
